 Dungeon Crawl Stone Soup version 0.26.0-10-g1f06aea511 (webtiles) character file.

Game seed: 2108505307023496859

351746 Dirian the Slayer (level 22, -2/222 HPs)
             Began as a Hill Orc Fighter on Jan 18, 2021.
             Was the Champion of Beogh.
             Killed from afar by a tengu reaver (28 damage)
             ... with a bolt of magma
             ... on level 5 of the Vaults.
             The game lasted 01:36:34 (48251 turns).

Dirian the Slayer (Hill Orc Fighter)               Turns: 48251, Time: 01:36:34

Health: -2/222     AC: 37    Str: 35    XL:     22   Next: 24%
Magic:  22/22      EV:  9    Int:  8    God:    Beogh [******]
Gold:   1934       SH: 24    Dex: 12    Spells: 21/21 levels left

rFire    + + .     SeeInvis .   a - +9 broad axe (flame)
rCold    + . .     Faith    .   S - +1 kite shield
rNeg     + . .     Spirit   .   c - +8 plate armour of the Gravedigger {Dex+2}
rPois    +         Reflect  +   e - -2 hat of the Alchemist {rElec rPois rF+ rC+ rN+ Will+ rMut rCorr}
rElec    +         Harm     .   I - +1 cloak {rF+}
rCorr    +         Rampage  +   p - +0 pair of gloves
rMut     +                      R - +2 pair of boots {rampage}
Will     ++...                  P - amulet of reflection
Stlth    ..........             g - +4 ring of protection
HPRegen  0.47/turn              s - +6 ring of strength
MPRegen  0.18/turn

@: mighty, very slightly contaminated, invisible
A: walk on water
}: 2/15 runes: serpentine, barnacled
a: Renounce Religion, Smiting, Recall Orcish Followers, Give Item to Named
Follower, Resurrection


You were on level 5 of the Vaults.
You worshipped Beogh.
Beogh was exalted by your worship.
You visited 6 branches of the dungeon, and saw 36 of its levels.
You visited the Abyss 1 time.
You also visited: Sewer, Bailey and Volcano.

You collected 3932 gold pieces.
You spent 1998 gold pieces at shops.

Inventory:

Hand Weapons
 a - a +9 broad axe of flaming (weapon)
 b - the +12 whip "Uppalug" {freeze, Int+4}
   (You found it on level 5 of the Dungeon)

   It has been specially enchanted to freeze those struck by it, causing extra
   injury to most foes and up to half again as much damage against particularly
   susceptible opponents.
   It can also slow down cold-blooded creatures.
   It affects your intelligence (+4).
 N - a +8 broad axe of draining
Armour
 c - the +8 plate armour of the Gravedigger (worn) {Dex+2}
   (You found it on level 1 of the Vaults)

   It affects your dexterity (+2).
 e - the -2 hat of the Alchemist (worn) {rElec rPois rF+ rC+ rN+ Will+ rMut rCorr}
   (You bought it in a shop on level 10 of the Dungeon)

   It protects you from fire.
   It protects you from cold.
   It insulates you from electricity.
   It protects you from poison.
   It protects you from negative energy.
   It affects your willpower, your defense against some magical effects.
   It provides partial protection from all sources of acid and corrosion.
   It protects you from mutation.
 p - a +0 pair of gloves (worn)
 H - a +4 plate armour
 I - a +1 cloak of fire resistance (worn)
 O - the +4 chain mail of the Fife {-Cast rN++ Regen+}
   (You found it on level 1 of the Vaults)

   It greatly protects you from negative energy.
   It prevents spellcasting.
   It increases your rate of regeneration.
 Q - the +0 pair of gloves "Xobotub" {rPois rF- SInv}
   (You found it on level 6 of the Lair of Beasts)

   It makes you vulnerable to fire.
   It protects you from poison.
   It lets you see invisible.
 R - a +2 pair of boots of rampaging (worn)
 S - a +1 kite shield (worn)
Jewellery
 g - a +4 ring of protection (left hand)
 s - a +6 ring of strength (right hand)
 u - an uncursed ring of protection from cold
 C - an uncursed ring of protection from fire
 E - an uncursed ring of flight
 F - the ring "Elyennon" {rElec Will++ Str-2 Stlth+}
   (You found it on level 3 of the Snake Pit)

   [ring of stealth]

   It affects your strength (-2).
   It insulates you from electricity.
   It affects your willpower, your defense against some magical effects.
   It makes you more stealthy.
 P - an amulet of reflection (around neck)
Wands
 y - a wand of acid (29)
Scrolls
 m - 5 scrolls of magic mapping
 r - 13 scrolls of identify
 t - 21 scrolls of teleportation
 x - 18 scrolls of remove curse
 z - 9 scrolls of blinking
 D - 8 scrolls of enchant armour
 G - 2 scrolls of silence
 L - a scroll of holy word
 M - 4 scrolls of immolation
 T - 2 scrolls of summoning
Potions
 d - 4 potions of might
 f - 4 potions of attraction
 h - 7 potions of haste
 i - 7 potions of flight
 k - 4 potions of mutation
 l - 12 potions of lignification
 n - 6 potions of resistance
 o - 4 potions of invisibility
 q - 10 potions of curing
 v - 11 potions of magic
 A - 3 potions of cancellation
 B - 4 potions of ambrosia
 K - 4 potions of berserk rage


   Skills:
 + Level 24.0 Fighting
 - Level 20.2 Axes
 + Level 19.1 Armour
 - Level 1.0 Dodging
 + Level 21.9 Shields
 - Level 1.1 Invocations
 - Level 1.0 Evocations


You had 21 spell levels left.
You didn't know any spells.
Your spell library contained the following spells:

 Spells                   Type           Power        Failure   Level
 Animate Skeleton         Necr           0%           83%         1
 Beastly Appendage        Tmut           0%           83%         1
 Corona                   Hex            0%           83%         1
 Foxfire                  Conj/Fire      0%           83%         1
 Freeze                   Ice            0%           83%         1
 Magic Dart               Conj           0%           83%         1
 Pain                     Necr           0%           83%         1
 Sting                    Tmut/Pois      0%           83%         1
 Summon Small Mammal      Summ           0%           83%         1
 Blink                    Tloc           N/A          93%         2
 Call Imp                 Summ           0%           93%         2
 Corpse Rot               Necr/Air       N/A          93%         2
 Passwall                 Tmut/Erth      0%           93%         2
 Poisonous Vapours        Pois/Air       0%           93%         2
 Searing Ray              Conj           0%           93%         2
 Slow                     Hex            0%           93%         2
 Swiftness                Air            0%           93%         2
 Wereblood                Tmut           0%           93%         2
 Call Canine Familiar     Summ           0%           99%         3
 Confusing Touch          Hex            0%           99%         3
 Conjure Flame            Conj/Fire      0%           99%         3
 Dazzling Flash           Conj/Hex       0%           99%         3
 Frozen Ramparts          Ice            0%           99%         3
 Gell's Gravitas          Tloc           0%           99%         3
 Ignite Poison            Fire/Tmut/Pois 0%           99%         3
 Inner Flame              Hex/Fire       0%           99%         3
 Mephitic Cloud           Conj/Pois/Air  0%           99%         3
 Ozocubu's Armour         Ice            0%           99%         3
 Portal Projectile        Hex/Tloc       0%           99%         3
 Spider Form              Tmut/Pois      0%           99%         3
 Stone Arrow              Conj/Erth      0%           99%         3
 Summon Guardian Golem    Hex/Summ       0%           99%         3
 Vampiric Draining        Necr           0%           99%         3
 Animate Dead             Necr           0%           100%        4
 Cause Fear               Hex            0%           100%        4
 Fulminant Prism          Conj/Hex       0%           100%        4
 Hailstorm                Conj/Ice       0%           100%        4
 Ice Form                 Ice/Tmut       0%           100%        4
 Iskenderun's Mystic Bla  Conj/Tloc      0%           100%        4
 Leda's Liquefaction      Hex/Erth       0%           100%        4
 Olgreb's Toxic Radiance  Pois           0%           100%        4
 Passage of Golubria      Tloc           N/A          100%        4
 Petrify                  Tmut/Erth      0%           100%        4
 Sticky Flame             Conj/Fire      0%           100%        4
 Summon Ice Beast         Ice/Summ       0%           100%        4
 Summon Lightning Spire   Summ/Air       0%           100%        4
 Agony                    Necr           0%           100%        5
 Blade Hands              Tmut           0%           100%        5
 Fireball                 Conj/Fire      0%           100%        5
 Lee's Rapid Deconstruct  Erth           0%           100%        5
 Metabolic Englaciation   Hex/Ice        0%           100%        5
 Silence                  Hex/Air        0%           100%        5
 Summon Forest            Summ/Tloc      0%           100%        5
 Yara's Violent Unravell  Hex/Tmut       0%           100%        5
 Eringya's Noxious Bog    Tmut/Pois      0%           100%        6
 Freezing Cloud           Conj/Ice/Air   0%           100%        6
 Hydra Form               Tmut           0%           100%        6
 Invisibility             Hex            0%           100%        6
 Starburst                Conj/Fire      0%           100%        6
 Summon Hydra             Summ           0%           100%        7
 Discord                  Hex            0%           100%        8
 Ignition                 Fire           0%           100%        8


Dungeon Overview and Level Annotations

Branches:
Dungeon (15/15)            Temple (0/1) D:7            Lair (6/6) D:11
 Shoals (4/4) Lair:4        Snake (4/4) Lair:4        Slime (0/5) Lair:5
    Orc (2/2) D:10            Elf (0/3) Orc:2        Vaults (5/5) D:13
  Crypt (0/3) Vaults:3     Depths (0/5) D:15          Sewer (visited)
 Bailey (visited)         Volcano (visited)

Altars:
Ashenzari
Hepliaklqana
Kikubaaqudgha
Ru
Trog
Uskayaw
Vehumet
Yredelemnul
Beogh
Jiyva

Shops:
D:10 [![(   Orc:2 !:(}   Snake:2 ?:[=   Snake:3 *   Snake:4 =}=   Vaults:3 !
Vaults:4 =

Portals:
Trove: Vaults:1 (give +5 demon blade)

Annotations:
D:6 exclusion: statue
Orc:2 Nergalle


Message History

* * * LOW HITPOINT WARNING * * *
The stone giant throws a large rock.
You reflect the large rock off an invisible shield around you!
The large rock hits the stone giant!!!
Items here: ))) [[[[ ††.
The stone giant throws a large rock.
You reflect the large rock off an invisible shield around you!
The large rock hits the stone giant but does no damage.
There is a sealed passage leading up here.
Items here: ))))) [[[[[ ††††.
You fade into invisibility!
The runic seals fade away.
The tengu reaver gestures wildly while chanting.
The tengu reaver conjures a globe of magical energy!
You are very lightly contaminated with residual magic.
A battlesphere comes into view.
The vault warden completely misses you.
The tengu reaver gestures at you while chanting.
The bolt of magma hits you!! You partially resist.
You die...

#..OT# .#..# ..
#.Q.p#..... ...
#..TT#....
...(#...p#..####
....#.)○.#......
......*QO.......
###.).p.p(.########
....(..)pC)........
....(.<@).)........
.....<))<.().......
......<<)))........
##.....))..########
............#
##.......#.#)#
##.#....##.#.#
#.#....# #.## .
#....# ##


You could see a stone giant, 2 vault wardens, 2 tengu reavers, 3 vault guards, a
two-headed ogre, 2 deep trolls and a battlesphere.

Vanquished Creatures
  Mennas (Vaults:5)
  An ancient lich (Vaults:5)
  Frederick (Vaults:3)
  Xtahua (Vaults:2)
  A golden dragon (Vaults:5)
  Rupert (Vaults:3)
  Jorgrun (Shoals:2)
  Asterion (Vaults:1)
  3 krakens
  2 sphinxes
  An ancient champion (Vaults:3)
  A storm dragon (Vaults:4)
  2 tengu reavers
  2 fire giants
  4 nagarajas
  2 frost giants
  8 vault wardens
  A deep elf sorcerer (Vaults:1)
  A deep elf elementalist (Vaults:5)
  A spriggan defender (Vaults:3)
  12 ironheart preservers
  6 stone giants
  Nessos (Lair:4)
  4 very ugly things (Vaults:3)
  2 deep elf demonologists (Vaults:1)
  A deep elf annihilator (Vaults:1)
  3 entropy weavers (Vaults:4)
  An ettin (Vaults:3)
  Snorg (D:13)
  8 yaktaur captains
  2 fire dragons
  A great orb of eyes (Vaults:1)
  4 merfolk javelineers
  8 merfolk impalers
  Erolcha (Orc:2)
  Harold (D:8)
  An ice dragon (Lair:6)
  8 naga warriors
  10 hydras
  21 vault guards
  4 boulder beetles
  2 catoblepae
  10 anacondas
  5 merfolk aquamancers (Shoals:4)
  30 two-headed ogres
  7 centaur warriors
  2 satyrs (Shoals:3)
  A death knight (Vaults:4)
  A deep troll shaman (Vaults:4)
  12 death yaks
  11 ogre magi
  A deep troll earth mage (Vaults:4)
  An orc high priest (Orc:2)
  17 naga sharpshooters
  6 shock serpents
  5 deep elf knights
  2 shadow wraiths
  9 sea snakes
  A hell knight (Volcano)
  2 salamander mystics (Snake:4)
  8 skeletal warriors
  2 wizards (Vaults:3)
  2 flayed ghosts
  5 deep trolls (Vaults:4)
  2 unseen horrors
  3 glowing orange brains
  4 deep elf archers
  11 ironbrand convokers
  3 starcursed masses (Abyss:2)
  3 lindwurms
  6 harpies
  7 orc knights
  5 deep elf magi
  8 naga ritualists
  12 mana vipers
  4 orc sorcerers
  22 ugly things
  8 salamanders
  An oklob plant (D:10)
  6 cyclopes
  3 wolf spiders
  A worldbinder (Abyss:2)
  17 fauns
  A large abomination (Abyss:2)
  11 manticores
  5 guardian serpents
  4 water nymphs
  A guardian serpent (shapeshifter) (Vaults:4)
  4 elephants
  A smoke demon (Abyss:2)
  30 black mambas
  9 vault sentinels
  4 torpor snails
  9 naga magi
  A redback zombie (D:15)
  3 rime drakes (Lair:6)
  6 cane toads
  3 kobold demonologists (D:15)
  23 yaktaurs
  2 efreet
  6 komodo dragons
  3 freezing wraiths
  2 tengu conjurers
  27 merfolk
  13 trolls
  12 hornets
  5 wind drakes
  2 tyrant leeches (Lair:6)
  12 slime creatures
  A dream sheep (shapeshifter) (Vaults:3)
  7 blink frogs
  4 dream sheep
  4 snapping turtles
  2 meliai zombies (D:13)
  3 redbacks (Vaults:4)
  A spriggan (shapeshifter) (Vaults:3)
  A centaur simulacrum (D:14)
  A tarantella (shapeshifter) (D:14)
  11 water elementals
  3 wraiths
  A tarantella (Vaults:4)
  51 yaks
  A small abomination (Abyss:2)
  3 wyverns
  A human simulacrum (Vaults:1)
  2 basilisks
  2 steam dragons
  4 wargs
  3 vampire mosquitoes
  2 soldier ants
  63 nagas
  8 water moccasins
  5 acid dragons
  A soldier ant (shapeshifter) (Vaults:2)
  15 orc warriors
  A hornet zombie (D:15)
  An ettin simulacrum (Vaults:2)
  3 sky beasts
  3 black bears
  An eye of draining (D:15)
  3 necrophages
  2 ice beasts
  11 centaurs
  4 phantoms
  A boggart (D:13)
  28 ogres
  10 wolves
  3 big kobolds
  A wyvern zombie (D:14)
  10 bullfrogs
  A gnoll sergeant (D:10)
  2 scorpions
  23 killer bees
  25 wights
  4 electric eels
  A bullfrog zombie (D:6)
  7 howler monkeys
  A lava snake (Lair:2)
  4 centaur zombies
  A quasit (D:13)
  3 bullfrog skeletons
  5 centaur skeletons
  6 orc priests
  11 hounds
  3 jellies
  6 orc wizards
  Ijyb (D:3)
  Jessica (D:2)
  7 iguanas
  Natasha (thrice) (D:3)
  Terence (D:3)
  6 hell rats (Lair:6)
  11 worker ants
  2 merfolk avatars
  9 merfolk sirens
  2 hound zombies
  A hound skeleton (D:9)
  Robin (D:2)
  21 gnolls
  16 adders
  3 river rats (Sewer)
  A shadow imp (D:10)
  3 white imps
  An ufetubus (D:5)
  2 oozes
  3 adder skeletons
  2 worms
  3 dart slugs
  3 leopard geckos
  20 orcs
  3 ball pythons
  15 giant cockroaches
  24 goblins
  23 hobgoblins
  20 jackals
  28 kobolds
  10 quokkas
  7 bats
  8 frilled lizards
  2 quokka skeletons
  30 rats
  2 plants
  8 tentacles
1291 creatures vanquished.

Vanquished Creatures (collateral kills)
  Vashnia (Snake:4)
  The ghost of Arthanis the Pyromancer, an adept DEFE of Vehumet (Snake:3)
  Polyphemus (Shoals:4)
  6 nagarajas
  A fire giant (D:15)
  A vault warden (Vaults:4)
  4 ironheart preservers
  2 deep elf demonologists (Vaults:1)
  A merfolk javelineer (Shoals:4)
  A yaktaur captain (Vaults:1)
  4 merfolk impalers
  2 fire dragons (Vaults:1)
  A hydra (Lair:1)
  An ice dragon (Vaults:5)
  A great orb of eyes (Vaults:4)
  6 naga warriors
  6 vault guards (Vaults:5)
  3 anacondas (Snake:3)
  2 death knights
  4 two-headed ogres
  3 boulder beetles
  4 catoblepae
  2 merfolk avatars (Shoals:4)
  2 centaur warriors
  An alligator snapping turtle (Shoals:4)
  3 ogre magi (Vaults:1)
  3 shock serpents
  5 death yaks
  A tengu warrior (D:13)
  4 merfolk aquamancers
  7 naga sharpshooters
  4 deep elf knights
  4 skeletal warriors (Vaults:1)
  Nergalle (Orc:2)
  3 sea snakes
  2 salamander mystics
  5 naga ritualists
  6 deep trolls
  A phantasmal warrior (Vaults:2)
  A deep elf archer (D:13)
  2 ironbrand convokers
  4 harpies
  A lindwurm (Lair:6)
  2 orc knights
  4 mana vipers
  A wolf spider (Vaults:2)
  7 deep elf magi
  8 fauns
  3 manticores
  2 salamanders
  An ugly thing (D:15)
  An elephant (Lair:4)
  2 merfolk sirens
  A vault sentinel (Vaults:2)
  A guardian serpent (Snake:3)
  3 water nymphs
  5 black mambas
  5 naga magi
  A cane toad (shapeshifter) (Vaults:1)
  A centaur zombie (D:15)
  2 torpor snails (Lair:6)
  A komodo dragon (Lair:6)
  3 cane toads
  10 yaktaurs
  12 merfolk
  A troll (shapeshifter) (D:15)
  A troll (D:13)
  2 hornets (Lair:6)
  A tyrant leech (Lair:6)
  A wind drake (Shoals:4)
  6 slime creatures
  6 blink frogs
  2 meliai zombies
  3 snapping turtles
  A wraith (Vaults:1)
  22 yaks
  A water elemental (Shoals:1)
  A wyvern (Lair:5)
  2 vampire mosquitoes
  2 basilisks
  A steam dragon (D:15)
  2 wargs
  5 water moccasins
  18 nagas
  5 orc warriors
  A boulder beetle simulacrum (Vaults:1)
  6 ogres
  A tengu (shapeshifter) (D:15)
  5 centaurs
  7 wolves
  4 big kobolds
  A bullfrog (D:12)
  A wyvern zombie (D:14)
  A killer bee (D:12)
  5 electric eels
  A bullfrog zombie (D:13)
  A hound (D:13)
  2 orc priests
  5 orc wizards
  A hell rat (Lair:6)
  10 orcs
  A bush (Lair:6)
  2 tentacles
332 creatures vanquished.

Vanquished Creatures (others)
  3 orc warlords
  2 orc high priests (Vaults:5)
  A merfolk aquamancer (Shoals:4)
  20 orc knights
  2 deep elf magi
  10 orc sorcerers
  17 orc warriors
  A merfolk (Shoals:1)
  A water elemental (Shoals:4)
  An ogre (Vaults:1)
  14 orc priests
  25 orc wizards
  37 orcs
  A jackal (Lair:4)
  A quokka (Lair:4)
  A rat (D:3)
  52 fungi
  148 plants
  9 tentacles
346 creatures vanquished.

Grand Total: 1969 creatures vanquished

Notes
Turn   | Place    | Note
-------+----------+-------------------------------------------
     0 | D:1      | Dirian the Hill Orc Fighter began the quest for the Orb.
     0 | D:1      | Reached XP level 1. HP: 19/19 MP: 1/1
   258 | D:1      | Reached XP level 2. HP: 27/27 MP: 2/2
   940 | D:2      | Reached skill level 4 in Fighting
   940 | D:2      | Reached XP level 3. HP: 33/33 MP: 3/3
  1083 | D:2      | Noticed Robin
  1089 | D:2      | Reached XP level 4. HP: 35/40 MP: 4/4
  1098 | D:2      | Killed Robin
  1327 | D:2      | Found a broken altar of Ashenzari.
  1403 | D:2      | Found a bloodstained altar of Trog.
  1595 | D:2      | Noticed Jessica
  1599 | D:2      | Killed Jessica
  1600 | D:2      | Reached skill level 5 in Axes
  1600 | D:2      | Reached XP level 5. HP: 44/46 MP: 5/5
  1730 | D:3      | Noticed Natasha
  1733 | D:3      | Killed Natasha
  1751 | D:3      | Noticed Ijyb
  1764 | D:3      | Killed Ijyb
  1955 | D:3      | Noticed Terence
  1962 | D:3      | Killed Terence
  1963 | D:3      | Reached XP level 6. HP: 31/53 MP: 6/6
  2193 | D:3      | Noticed Natasha
  2201 | D:3      | Killed Natasha
  2420 | D:3      | Noticed Natasha
  2427 | D:3      | Killed Natasha
  2654 | D:4      | Noticed a phantom
  2711 | D:4      | Killed a phantom
  2788 | D:4      | Found a glowing drain.
  2796 | D:4      | Reached XP level 7. HP: 60/60 MP: 7/7
  2805 | Sewer    | Entered a sewer
  2816 | Sewer    | Reached skill level 5 in Shields
  3180 | Sewer    | Reached skill level 5 in Fighting
  4260 | D:5      | Entered Level 5 of the Dungeon
  4633 | D:5      | Got a scorched whip
  4660 | D:5      | Reached skill level 5 in Armour
  4660 | D:5      | Reached XP level 8. HP: 69/69 MP: 8/8
  5322 | D:6      | Reached skill level 6 in Fighting
  5547 | D:6      | Found a radiant altar of Vehumet.
  6016 | D:7      | Found a staircase to the Ecumenical Temple.
  6054 | D:7      | Found a flagged portal.
  6064 | D:7      | Reached skill level 10 in Axes
  6074 | Bailey   | Entered a bailey
  6601 | Bailey   | Reached XP level 9. HP: 59/78 MP: 9/9
  6907 | Bailey   | Noticed an orc knight
  6957 | Bailey   | Killed an orc knight
  7918 | D:7      | Identified a scroll of acquirement
  7918 | D:7      | Acquired a +3 broad axe of flaming
  7921 | D:7      | Identified the +12 whip "Uppalug" {freeze, Int+4} (You
                  | found it on level 5 of the Dungeon)
  8001 | D:8      | Found a hazy altar of Hepliaklqana.
  8012 | D:8      | Noticed Harold
  8034 | D:8      | Killed Harold
  8035 | D:8      | Reached skill level 7 in Fighting
  8035 | D:8      | Became a worshipper of Beogh the Brigand
  8103 | D:8      | Reached XP level 10. HP: 68/86 MP: 10/10
  9158 | D:9      | Noticed a +0 dagger
  9158 | D:9      | Noticed a +0 dagger
  9159 | D:9      | Found a hide-covered altar of Uskayaw.
  9675 | D:9      | Reached * piety under Beogh
  9828 | D:9      | Reached skill level 8 in Fighting
  9974 | D:9      | Noticed a centaur warrior
  9983 | D:9      | Killed a centaur warrior
  9984 | D:9      | Reached XP level 11. HP: 78/95 MP: 11/11
 10716 | D:9      | Got a fading flail
 10716 | D:9      | Identified the cursed +2 flail of Suacis {vorpal, +Inv rC+
                  | Str-2} (You found it on level 9 of the Dungeon)
 10759 | D:10     | Entered Level 10 of the Dungeon
 10901 | D:10     | Found Gowkuebb's Armour Boutique.
 10936 | D:10     | Found a sacrificial altar of Ru.
 10936 | D:10     | Noticed an oklob plant
 11001 | D:10     | Found Lurphef's Antique Armour Boutique.
 11017 | D:10     | Reached ** piety under Beogh
 11124 | D:10     | Noticed a two-headed ogre
 11136 | D:10     | Killed a two-headed ogre
 11163 | D:10     | Found a staircase to the Orcish Mines.
 11342 | D:10     | Found Hemmize's Weapon Shop.
 11377 | D:10     | Noticed a four-headed hydra
 11387 | D:10     | Killed a one-headed hydra
 11388 | D:10     | Reached skill level 9 in Fighting
 11388 | D:10     | Reached skill level 15 in Axes
 11418 | D:10     | Found Foeqaung's Distillery.
 11425 | D:10     | Bought a potion of heal wounds for 60 gold pieces
 11425 | D:10     | Bought 3 potions of resistance for 360 gold pieces
 11491 | D:10     | Noticed a two-headed ogre
 11506 | D:10     | Killed a two-headed ogre
 11523 | D:10     | Reached *** piety under Beogh
 12086 | D:11     | Noticed an eight-headed hydra
 12099 | D:11     | Killed a two-headed hydra
 12398 | D:11     | Reached XP level 12. HP: 105/105 MP: 12/12
 12464 | D:11     | Reached skill level 10 in Armour
 12464 | D:11     | Reached skill level 10 in Shields
 12575 | D:11     | Reached **** piety under Beogh
 12736 | D:11     | Gained Gorg as an ally
 13014 | D:11     | Found a staircase to the Lair.
 13076 | Lair:1   | Entered Level 1 of the Lair of Beasts
 13081 | Lair:1   | Noticed a five-headed hydra
 13083 | Lair:1   | Your ally Gorg died
 13084 | Lair:1   | Noticed a seven-headed hydra
 13090 | Lair:1   | Killed a five-headed hydra
 13094 | Lair:1   | Killed a five-headed hydra
 13104 | Lair:1   | Reached skill level 10 in Fighting
 13348 | Orc:1    | Entered Level 1 of the Orcish Mines
 13412 | Orc:2    | Entered Level 2 of the Orcish Mines
 14473 | Lair:2   | Gained Ogrik as an ally
 15147 | Lair:3   | Noticed a boulder beetle
 15153 | Lair:3   | Killed a boulder beetle
 15154 | Lair:3   | Reached XP level 13. HP: 108/114 MP: 13/13
 15188 | Lair:3   | Reached ***** piety under Beogh
 15911 | Lair:4   | Reached skill level 11 in Fighting
 16021 | Lair:4   | Found a staircase to the Shoals.
 16466 | Lair:4   | Noticed Nessos
 16485 | Lair:4   | Your ally Ogrik died
 16496 | Lair:4   | Killed Nessos
 16496 | Lair:4   | Gained Milork as an ally
 16663 | Lair:4   | Found a staircase to the Snake Pit.
 17851 | Lair:5   | Found a dark tunnel.
 17894 | Volcano  | Entered a volcano
 18096 | Volcano  | Reached XP level 14. HP: 73/125 MP: 11/14
 18694 | Lair:5   | Found a staircase to the Slime Pits.
 18694 | Lair:5   | Found a viscous altar of Jiyva.
 18717 | Lair:5   | Gained Garbold as an ally
 18718 | Lair:5   | Reached skill level 12 in Fighting
 19451 | Lair:6   | Entered Level 6 of the Lair of Beasts
 19500 | Lair:6   | Got an ichor-stained broad axe
 19500 | Lair:6   | Identified the +3 broad axe of Evisceration {drain, Dex+6
                  | Stlth+} (You found it on level 6 of the Lair of Beasts)
 19793 | Lair:6   | Gained Borgun as an ally
 20268 | Lair:6   | Reached ****** piety under Beogh
 20477 | Lair:6   | Got a pair of fine gloves
 20487 | Lair:6   | Identified the cursed +0 pair of gloves "Xobotub" {rPois
                  | rF- SInv} (You found it on level 6 of the Lair of Beasts)
 21145 | Lair:6   | Found a runed translucent door.
 21294 | Lair:6   | Paralysed by a hornet for 2 turns
 22103 | D:10     | Bought the -2 hat of the Alchemist {rElec rPois rF+ rC+ rN+
                  | Will+ rMut rCorr} for 660 gold pieces
 22103 | D:10     | Found the -2 hat of the Alchemist {rElec rPois rF+ rC+ rN+
                  | Will+ rMut rCorr}
 22127 | D:10     | Bought a +3 broad axe for 294 gold pieces
 22155 | D:10     | Reached XP level 15. HP: 133/134 MP: 15/15
 22765 | Snake:1  | Entered Level 1 of the Snake Pit
 22923 | Snake:1  | Reached skill level 13 in Fighting
 23313 | Snake:1  | Reached skill level 1 in Invocations
 23427 | Snake:1  | Reached skill level 1 in Evocations
 23685 | Snake:1  | Reached skill level 1 in Dodging
 23929 | Snake:1  | Gained Borgun as an ally
 25104 | Snake:2  | Reached skill level 15 in Armour
 25327 | Snake:2  | Found Ruteck's Magic Scroll Emporium.
 25349 | Snake:2  | Found Vian's Jewellery Emporium.
 25383 | Snake:2  | Found Oninlaosm's Book Emporium.
 25385 | Snake:2  | Found Kaejypn's Antique Armour Emporium.
 25408 | Snake:2  | Bought a pair of runed boots for 187 gold pieces
 25752 | Snake:3  | Reached skill level 14 in Fighting
 25955 | Snake:3  | Noticed a nagaraja
 25962 | Snake:3  | Killed a nagaraja
 26120 | Snake:3  | Killed a nagaraja
 26395 | Snake:3  | Reached XP level 16. HP: 135/146 MP: 14/16
 26811 | Snake:3  | Gained Ortolf as an ally
 26849 | Snake:3  | Found a runed translucent door.
 26856 | Snake:3  | Noticed Arthanis's ghost (adept DEFE)
 26944 | Snake:3  | Noticed a nagaraja
 26951 | Snake:3  | Killed a nagaraja
 27021 | Snake:3  | Found Ifei's General Store.
 27567 | Snake:3  | Killed Arthanis's ghost
 27574 | Snake:3  | Got a warped lapis lazuli ring
 27575 | Snake:3  | Identified the ring "Elyennon" {rElec Will++ Str-2 Stlth+}
                  | (You found it on level 3 of the Snake Pit)
 27624 | Snake:4  | Entered Level 4 of the Snake Pit
 27630 | Snake:4  | Noticed a nagaraja
 27640 | Snake:4  | Killed a nagaraja
 27674 | Snake:4  | Reached skill level 15 in Fighting
 28634 | Snake:4  | Found Wig Sabo's Jewellery Emporium.
 28634 | Snake:4  | Found Veiplaufe's Gadget Boutique.
 28635 | Snake:4  | Found Etsyp's Jewellery Emporium.
 28802 | Snake:4  | Got a steaming spear
 28802 | Snake:4  | Identified the +9 spear of Geinol {vorpal, rF+} (You found
                  | it on level 4 of the Snake Pit)
 28833 | Snake:4  | Noticed a nagaraja
 28834 | Snake:4  | Noticed a nagaraja
 28845 | Snake:4  | Killed a nagaraja
 28846 | Snake:4  | Reached skill level 15 in Shields
 28848 | Snake:4  | Killed a nagaraja
 28849 | Snake:4  | Noticed Vashnia
 28849 | Snake:4  | Noticed a nagaraja
 28850 | Snake:4  | Noticed a nagaraja
 28859 | Snake:4  | Reached skill level 16 in Fighting
 28860 | Snake:4  | Noticed a nagaraja
 29050 | Snake:4  | Killed a nagaraja
 29051 | Snake:4  | Reached XP level 17. HP: 142/158 MP: 15/17
 29676 | Snake:4  | Your ally Ortolf died
 29680 | Snake:4  | Your ally Borgun died
 30308 | Snake:4  | Killed Vashnia
 30417 | Snake:4  | Got a serpentine rune of Zot
 30766 | Orc:2    | Found a staircase to the Elven Halls.
 31351 | Orc:2    | Found a radiant altar of Vehumet.
 31352 | Orc:2    | Noticed Erolcha
 31358 | Orc:2    | Found Kamifu's Book Shoppe.
 31361 | Orc:2    | Killed Erolcha
 31411 | Orc:2    | Noticed Nergalle
 31412 | Orc:2    | Found an ancient bone altar of Kikubaaqudgha.
 31420 | Orc:2    | Your ally died
 31442 | Orc:2    | Found a roughly hewn altar of Beogh.
 31442 | Orc:2    | Found Sahuope's Gadget Emporium.
 31456 | Orc:2    | Found Kuer's Antique Weapon Emporium.
 31475 | Orc:2    | Found Becegh's Distillery.
 31487 | Orc:2    | Bought a potion of heal wounds for 55 gold pieces
 31487 | Orc:2    | Bought a potion of heal wounds for 55 gold pieces
 31487 | Orc:2    | Bought a potion of might for 44 gold pieces
 31487 | Orc:2    | Bought a potion of invisibility for 88 gold pieces
 31622 | Orc:2    | Found a roughly hewn altar of Beogh.
 31628 | Orc:2    | Gained Judas as an ally
 32138 | Shoals:1 | Entered Level 1 of the Shoals
 32250 | Shoals:1 | Reached skill level 17 in Fighting
 33281 | Shoals:2 | Noticed a kraken
 33294 | Shoals:2 | Killed a kraken
 33783 | Shoals:2 | Gained Orkwin as an ally
 33941 | Shoals:2 | Noticed Jorgrun
 33958 | Shoals:2 | Killed Jorgrun
 34474 | Shoals:3 | Reached XP level 18. HP: 140/171 MP: 14/18
 34490 | Shoals:3 | Your ally Borgun died
 34712 | Shoals:3 | Reached skill level 18 in Fighting
 34989 | Shoals:3 | Gained Margrim as an ally
 35510 | Shoals:4 | Entered Level 4 of the Shoals
 35516 | Shoals:4 | Noticed Polyphemus
 35523 | Shoals:4 | Gained Bogbrand as an ally
 35536 | Shoals:4 | Killed Polyphemus
 35568 | Shoals:4 | Got an encrusted eveningstar
 35819 | Shoals:4 | Identified the +9 eveningstar "Wamid" {freeze, *Noise rPois
                  | rC+++ Dex+5} (You found it on level 4 of the Shoals)
 35886 | Shoals:4 | Your ally Orkwin died
 35903 | Shoals:4 | Identified the +3 buckler of the Trilobite {-Tele rN+ rCorr
                  | Int+3}
 35945 | Shoals:4 | Got a barnacled rune of Zot
 36283 | Shoals:4 | Reached skill level 19 in Fighting
 37100 | Shoals:4 | Got a transparent trident
 37100 | Shoals:4 | Identified the +9 trident of Cydenid {drain, rPois} (You
                  | found it on level 4 of the Shoals)
 37339 | D:12     | Gained Ortolf as an ally
 37837 | D:13     | Your ally Ortolf died
 38159 | D:13     | Noticed Snorg
 38164 | D:13     | Killed Snorg
 38173 | D:13     | Reached XP level 19. HP: 169/183 MP: 16/19
 38189 | D:13     | Your ally Judas died
 38378 | D:13     | Found a gate to the Vaults.
 39776 | D:14     | Gained Herok as an ally
 39801 | D:14     | Got an ancient robe
 40358 | D:14     | Identified the +1 robe "Doedye" {Rampage rC++ rCorr Int-3}
                  | (You found it on level 14 of the Dungeon)
 40375 | D:15     | Entered Level 15 of the Dungeon
 40548 | D:15     | Reached skill level 20 in Fighting
 40590 | D:15     | Got a garnet-encrusted ring mail
 40702 | D:15     | Found a staircase to the Depths.
 41203 | D:15     | Identified the +3 ring mail "Zisoa" {Rampage Slay+3} (You
                  | found it on level 15 of the Dungeon)
 41282 | Vaults:1 | Entered Level 1 of the Vaults
 41342 | Vaults:1 | Found a portal to a secret trove of treasure.
 41474 | Vaults:1 | Cast into level 2 of the Abyss (a deep elf demonologist)
 41474 | Abyss:2  | Found a corrupted altar of Lugonu.
 41488 | Abyss:2  | Found a radiant altar of Vehumet.
 41723 | Vaults:1 | Escaped the Abyss
 41778 | Vaults:1 | Got an ichor-stained plate armour
 41779 | Vaults:1 | Identified the +8 plate armour of the Gravedigger {Dex+2}
                  | (You found it on level 1 of the Vaults)
 41917 | Vaults:1 | Reached skill level 21 in Fighting
 41923 | Vaults:1 | Reached XP level 20. HP: 133/198 MP: 20/20
 41926 | Vaults:1 | Gained Gorm as an ally
 41927 | Vaults:1 | Noticed Asterion
 41928 | Vaults:1 | Your ally Gorm died
 41950 | Vaults:1 | Killed Asterion
 43202 | Vaults:1 | Got a distressingly furry chain mail
 43212 | Vaults:1 | Identified the +4 chain mail of the Fife {-Cast rN++
                  | Regen+} (You found it on level 1 of the Vaults)
 43932 | Vaults:2 | Noticed Xtahua
 43945 | Vaults:2 | Killed Xtahua
 44220 | Vaults:2 | You fall into a shaft and drop 2 floors!
 44229 | Vaults:4 | Reached skill level 22 in Fighting
 44795 | Vaults:4 | Gained Boderik as an ally
 44796 | Vaults:4 | Reached XP level 21. HP: 62/209 MP: 21/21
 45245 | Vaults:4 | Gained Orkrul as an ally
 45410 | Vaults:4 | Found Fosm's Jewellery Boutique.
 45469 | Vaults:4 | Your ally Boderik died
 45474 | Vaults:4 | Gained Morbeogh as an ally
 45695 | Vaults:4 | Reached skill level 23 in Fighting
 47065 | Vaults:3 | Found Nafaxt's Distillery.
 47072 | Vaults:3 | Bought a potion of heal wounds for 65 gold pieces
 47072 | Vaults:3 | Bought a potion of haste for 130 gold pieces
 47317 | Vaults:3 | Found a basalt altar of Yredelemnul.
 47318 | Vaults:3 | Found a staircase to the Crypt.
 47319 | Vaults:3 | Found an ancient bone altar of Kikubaaqudgha.
 47499 | Vaults:3 | Noticed Rupert
 47499 | Vaults:3 | Noticed Frederick
 47509 | Vaults:3 | Killed Rupert
 47526 | Vaults:3 | Killed Frederick
 47888 | Vaults:3 | Identified the +0 robe "Ryopoet" {*Slow rPois Int+3} (You
                  | found it on level 3 of the Vaults)
 48143 | Vaults:5 | Entered Level 5 of the Vaults
 48153 | Vaults:5 | Noticed a golden dragon
 48157 | Vaults:5 | Your ally Morbeogh died
 48158 | Vaults:5 | Gained Orkwin as an ally
 48158 | Vaults:5 | Noticed an ancient lich
 48164 | Vaults:5 | Your ally Orkrul died
 48168 | Vaults:5 | Identified the +8 double sword "Umosorah" {elec, rN++ Str+8
                  | Int-4}
 48171 | Vaults:5 | Reached XP level 22. HP: 148/222 MP: 22/22
 48174 | Vaults:5 | Identified the +2 robe "Diggirel" {Regen+}
 48174 | Vaults:5 | Identified the cursed +0 tower shield of Ihanax {Regen+}
 48174 | Vaults:5 | Noticed Mennas
 48176 | Vaults:5 | Your ally Orkwin died
 48199 | Vaults:5 | Gained Berold as an ally
 48211 | Vaults:5 | Killed an ancient lich
 48211 | Vaults:5 | Your ally Bogbrand died
 48218 | Vaults:5 | Your ally Berold died
 48221 | Vaults:5 | Your ally Herok died
 48222 | Vaults:5 | Killed Mennas
 48222 | Vaults:5 | Your ally Garbold died
 48224 | Vaults:5 | HP: 8/222 [golden dragon (4)]
 48229 | Vaults:5 | Your ally Margrim died
 48230 | Vaults:5 | Reached skill level 24 in Fighting
 48231 | Vaults:5 | Killed a golden dragon
 48251 | Vaults:5 | Killed from afar by a tengu reaver

Illustrated notes

Levels and vault maps discovered:
D:1:      sevenhm_arrival_forest_fort_small_3, layout_basic
D:2:      layout_basic, lemuel_coloured_pillars_altar, ashenzari_altar_1,
          uniq_jessica, uniq_robin
D:3:      layout_loops_cross, hangedman_decor_growths, chequers_garden,
          uniq_terence, uniq_natasha, uniq_ijyb
D:4:      minmay_skewed_foursquare, layout_basic, portal_sewer_entry_f
D:5:      layout_loops_ring
D:6:      layout_basic, vehumet_statue, hangedman_abyss_or_decor_passed
D:7:      layout_loops_cross, temple_fountains, enter_bailey_3, st_stairs_6
D:8:      layout_basic, kennysheep_mini_moat, uniq_harold
D:9:      minmay_imperfect_grid, layout_layer_cave, dancing_weapons_uskayaw
D:10:     layout_roguey, erik_orc_3, serial_shops, shop, shop_fountains,
          nicolae_shop_stone, shop, lemuel_oklob_altar
D:11:     layout_irregular_city, erik_lair_island
D:12:     layout_basic
D:13:     layout_basic, hangedman_vaults_entry_quadrant_bands, minivault_16,
          uniq_snorg
D:14:     wad_statue_garden, layout_stronghold, chequers_big_river
D:15:     grunt_enter_depths_giant_problem, layout_cross, patterned_corridor
Lair:1:   layout_concentric_octagons
Lair:2:   layout_gridlike, serial_bayou_shore_a
Lair:3:   layout_long_grid
Lair:4:   layout_cave_pods, elwin_shoals_entry_rooms,
          guppyfry_snake_entry_island, grunt_megastairs_3, uniq_nessos
Lair:5:   wander_river, layout_gridlike, slime_altar_1,
          nicolae_volcano_entry_vermiform, grunt_megastairs_4
Lair:6:   wormcave, layout_loops_ring, hangedman_lair_in_review
Shoals:1: layout_shoals, nicolae_shoals_square_sea_wall
Shoals:2: layout_shoals, uniq_jorgrun
Shoals:3: layout_shoals
Shoals:4: shoals_end_simple, layout_shoals, nicolae_shoals_water_shrine,
          uniq_polyphemus
Snake:1:  layout_gridlike
Snake:2:  layout_layer_cave, minmay_shop_grid_forest
Snake:3:  layout_chambers, serial_shops, nicolae_shop_behind_doors,
          ebering_ghost_reflecting_pool, corexii_hall_statues_i
Snake:4:  johnstein_snake_rune_scales, layout_onion_interference, st_stairs_5,
          minmay_shop_grove, grunt_megastairs_2, uniq_vashnia
Orc:1:    layout_caves
Orc:2:    kennysheep_orc_mage_school, layout_caves, library_closet,
          kennysheep_orc_chapel
Vaults:1: nicolae_vaults_branching_niches, v_misc_5, layout_vaults_chaotic_city,
          enter_trove_0, uniq_asterion
Vaults:2: st_hourglassy, ontoclasm_vaults_tryst, v_misc_12,
          nicolae_vaults_specimen_jars, hangedman_vaults_locks, v_misc_28,
          vaults_dpeg_hooks, v_misc_18, ontoclasm_vaults_decontamination,
          ontoclasm_vaults_eye, vaults_mumra_lcd, grunt_vaults_hallway_short,
          ontoclasm_vaults_ring_square, hangedman_vaults_cutoff,
          nicolae_vaults_diagonal_hallway_8, layout_vaults_big_cross,
          uniq_xtahua
Vaults:3: nicolae_vaults_angled_halls, minmay_crypt_entry_necro_gods,
          nicolae_vaults_asterisk, ontoclasm_vaults_pinch,
          nicolae_vaults_border_crossing, nicolae_vaults_rhombus_6, v_pattern_3,
          nicolae_vaults_theta, ontoclasm_vaults_chip, vaults_mumra_hex,
          sword_in_stone, layout_vaults_omnigrid, serial_shops, shop
Vaults:4: hangedman_vaults_hat, nicolae_vaults_arrows, v_rooms_1,
          ontoclasm_vaults_ring_square, v_misc_4, dpeg_vaults_monster_box,
          v_misc_25, v_rooms_4, nicolae_vaults_little_squares_3,
          layout_vaults_maze_bifur, serial_shops, nicolae_shop_behind_doors
Vaults:5: serial_shops, uniq_mennas, uniq_margery

Skill      XL: |  1  2  3  4  5  6  7  8  9 10 11 12 13 14 15 16 17 18 19 20 21 22 |
---------------+-------------------------------------------------------------------+-----
Axes           | 3 4 5 6 8 10 12 14 15 17 19 20 | 20.2
Fighting       | 4 5 6 7 8 9 10 11 12 14 16 17 19 21 22 23 24 | 24.0
Shields        | 4 5 6 8 9 10 11 12 13 15 16 17 19 20 21 | 21.9
Armour         | 4 5 7 8 9 11 12 14 15 16 17 18 19 | 19.1
Invocations    | 1 |  1.1
Evocations     | 1 |  1.0
Dodging        | 1 |  1.0

Action                   |  1- 3 |  4- 6 |  7- 9 | 10-12 | 13-15 | 16-18 | 19-21 | 22-24 || total
-------------------------+-------+-------+-------+-------+-------+-------+-------+-------++-------
Melee: War axe           |   100 |   152 |   519 |       |       |       |       |       ||   771
       Broad axe         |       |       |    21 |   530 |   650 |   932 |   979 |    38 ||  3150
Invok: Convert to Beogh  |       |       |     1 |       |       |       |       |       ||     1
       Recall Orcish Fol |       |       |       |     2 |     4 |     7 |     1 |     1 ||    15
       Give Item to Name |       |       |       |       |     2 |     7 |     4 |       ||    13
Evoke: Wand              |       |       |       |     2 |       |       |       |       ||     2
  Use: Potion            |       |     1 |     2 |       |     1 |     8 |     1 |     9 ||    22
       Scroll            |       |    10 |    10 |     6 |    15 |    10 |     7 |     2 ||    60
 Stab: Distracted        |       |       |       |     2 |     6 |     6 |    12 |     3 ||    29
       Petrifying        |       |       |       |       |     1 |       |       |       ||     1
       Petrified         |       |       |       |       |     1 |       |       |       ||     1
       Paralysed         |       |       |       |       |       |     6 |       |       ||     6
Armor: Scale mail        |    42 |    59 |   102 |       |       |       |       |       ||   203
       Chain mail        |       |       |   112 |   151 |       |       |       |       ||   263
       Plate armour      |       |       |       |   116 |   276 |   407 |   300 |    63 ||  1162
Dodge: Dodged            |    29 |    37 |   104 |   110 |   118 |   191 |   146 |    17 ||   752
Block: Kite shield       |    60 |    75 |   306 |   318 |   359 |   598 |   731 |   105 ||  2552
       Reflection        |       |       |       |       |       |       |    72 |     4 ||    76
